 Dungeon Crawl Stone Soup version 0.30.0-5-g1a98f26d00 (webtiles) character file.

Game seed: 13083194369970935838

25 Spionbil2 the Shield-Bearer (level 3, 24/26 HPs)
             Began as an Octopode Fighter on May 12, 2023.
             Quit the game on level 2 of the Dungeon.
             The game lasted 00:02:10 (554 turns).

Spionbil2 the Shield-Bearer (Octopode Fighter)       Turns: 554, Time: 00:02:11

Health: 24/26      AC:  1    Str: 17    XL:     3   Next: 6%
Magic:  3/3        EV: 13    Int: 10    God:
Gold:   31         SH:  4    Dex: 11    Spells: 2/2 levels left

rFire   . . .        a - +0 rapier
rCold   . . .        b - +0 buckler
rNeg    . . .        (helmet restricted)
rPois   .            (no amulet)
rElec   .            (no ring)
rCorr   .            (no ring)
SInv    .            (no ring)
Will    .....        (no ring)
Stlth   ++           (no ring)
HPRegen 0.24/turn    (no ring)
MPRegen 0.08/turn    (no ring)
                     (no ring)

%: no passive effects
@: no status effects
A: almost no armour, amphibious, 8 rings, camouflage 1, gelatinous body 1,
(nimble swimmer 1), tentacles
a: no special abilities


You were on level 2 of the Dungeon.
You visited 1 branch of the dungeon, and saw 2 of its levels.

You collected 31 gold pieces.

Inventory:

Hand Weapons
 a - a +0 rapier (weapon)
 d - a +0 dagger
Armour
 b - a +0 buckler (worn)
Jewellery
 j - an amulet of faith
Scrolls
 g - 2 scrolls of identify {unknown}
 h - a scroll of enchant weapon {unknown}
 k - a scroll of vulnerability {unknown}
 m - a scroll of brand weapon {unknown}
Potions
 c - 2 potions of might
 e - a potion of cancellation {unknown}
 f - a potion of haste {unknown}
 i - a potion of mutation {unknown}
 l - a potion of magic {unknown}


   Skills:
 + Level 3.2 Fighting
 + Level 2.4 Short Blades
 + Level 3.2 Dodging
 + Level 0.4 Stealth
 + Level 3.2 Shields


You had 2 spell levels left.
You didn't know any spells.
Your spell library was empty.

Dungeon Overview and Level Annotations

Branches:
Dungeon (2/15)

Altars:


Innate Abilities, Weirdness & Mutations

You cannot wear most types of armour.
You are amphibious.
You can wear up to eight rings at the same time.
Your skin changes colour to match your surroundings (Stealth+).
Your rubbery body absorbs attacks. (AC +1, EV +1)
((You are camouflaged when in or above water. (Stealth+)))
You have tentacles for arms and can constrict up to eight enemies at once.


Message History

The goblin is moderately wounded.
You constrict the goblin. You block the goblin's attack.
You hit the goblin but do no damage.
The goblin is severely wounded.
You constrict the goblin.
You kill the goblin!
You hit the ball python. Your grab misses the ball python.
The ball python is severely wounded.
You block the ball python's attack. The ball python grabs you.
The ball python constricts you.
You hit the ball python.
You kill the ball python!
Found 7 gold pieces.
The endoplasm quivers.
You completely miss the endoplasm. You squeeze the endoplasm.
You kill the endoplasm!
You have reached level 3!
Your experience leads to an increase in your attributes!
Increase (S)trength, (I)ntelligence, or (D)exterity?
Uppercase letters only, please.
You feel stronger. x2
m - a scroll labelled QEHIGI WESUOMA
g - 2 scrolls labelled ONEFOWNUJUI (gained 1)
You now have 31 gold pieces (gained 7).
Found a stone staircase leading down.
c - 2 potions of might (gained 1)
A ball python comes into view.
A bat comes into view.
The ball python bites you. You block the ball python's attack.
You closely miss the ball python. Your grab misses the ball python.
You block the ball python's attack. The ball python grabs you.
The ball python constricts you.
You barely miss the ball python. You grab the ball python.
You constrict the ball python. The ball python closely misses you.
The ball python constricts you.
You hit the ball python.
You kill the ball python!
A bat is nearby!
A bat is nearby!
Are you sure you want to abandon this character and quit the game? (Confirm with "yes".)

.. ..... . ..# ..... ..
...=.>.
....#####...#..........>
......)#..... ..........
...#....$..####.......(.
......PP.....$..........
....PP.P................
....P....P...#.)........
....P.8@P...............
...PPb..P..>.##.<.....).
.....PP.P............##.
#......P...#########....
..#.....................
# #........#############
######...# #...# #.


You could see a bat.

Vanquished Creatures
  A dart slug (D:1)
  3 endoplasms
  3 goblins
  2 hobgoblins (D:1)
  3 kobolds (D:1)
  A quokka (D:1)
  4 ball pythons
  2 bats (D:1)
  A rat (D:1)
20 creatures vanquished.

Notes
Turn   | Place    | Note
-------+----------+-------------------------------------------
     0 | D:1      | Spionbil2 the Octopode Fighter began the quest for the Orb.
     0 | D:1      | Reached XP level 1. HP: 16/16 MP: 1/1
     0 | D:1      | Noticed a yellow draconian
     0 | D:1      | Noticed an ice dragon
     1 | D:1      | Noticed an iron dragon
     1 | D:1      | Noticed an ice dragon
     3 | D:1      | Noticed a tentacled monstrosity
     3 | D:1      | Noticed a tentacled monstrosity
     5 | D:1      | Noticed an iron dragon
     8 | D:1      | Noticed an orb of fire
    10 | D:1      | Noticed an iron dragon
    10 | D:1      | Noticed a tentacled monstrosity
    12 | D:1      | Noticed a shadow dragon
    14 | D:1      | Noticed a golden dragon
    16 | D:1      | Noticed a red draconian
    16 | D:1      | Noticed a large abomination
    18 | D:1      | Noticed a shadow dragon
   218 | D:1      | Reached XP level 2. HP: 21/21 MP: 2/2
   521 | D:2      | Reached XP level 3. HP: 26/26 MP: 3/3
   554 | D:2      | Quit the game

Illustrated notes

Levels and vault maps discovered:
D:1:      shiori_arrival_whats_in_store_for_you, layout_rooms, st_stairs_2
D:2:      layout_rooms, dreamdust_mushroom_princess, kennysheep_doodads

Action                     || total
---------------------------++-------
  Melee: Rapier            ||    37
         Constrict         ||    11
         Tentacles         ||     2
         Punch             ||     1
   Stab: Sleeping          ||     1
 Armour: Skin              ||     5
  Dodge: Dodged            ||    12
  Block: Buckler           ||     7
